 Dungeon Crawl Stone Soup version 0.24-a0-582-g4d4af813a0 (webtiles) character file.

Game seed: 3771403306278521695

475 Ijustatesigmund the Shield-Bearer (level 7, 0/59 HPs)
             Began as a Gnoll Fighter on Aug 26, 2019.
             Was an Initiate of Okawaru.
             Splashed by a jelly's acid (8 damage)
             ... on level 5 of the Dungeon.
             The game lasted 00:07:43 (3682 turns).

Ijustatesigmund the Shield-Bearer (Gnoll Fighter)   Turns: 3682, Time: 00:07:45

Health: 0/59       AC: -4    Str: 23    XL:     7   Next: 10%
Magic:  10/10      EV:  9    Int: 10    God:    Okawaru [......]
Gold:   223        SH: 11    Dex: 17    Spells: 9/10 levels left

rFire    . . .     SeeInvis .   a - +1 flail
rCold    . . .     Gourm    .   c - +0 shield
rNeg     . . .     Faith    .   b - +0 scale mail
rPois    .         Spirit   .   o - +0 helmet
rElec    .         Reflect  .   r - +1 cloak
rCorr    .         Harm     .   (no gloves)
MR       .....                  (no boots)
Stlth    +.........             y - amulet of the acrobat
HPRegen  0.19/turn              w - ring of wizardry
MPRegen  0.12/turn              (no ring)

@: mighty, corroded
A: distributed training, fangs 1, strong nose
a: Renounce Religion


You were on level 5 of the Dungeon.
You worshipped Okawaru.
Okawaru was noncommittal.
You were very hungry.

You visited 2 branches of the dungeon, and saw 6 of its levels.

You collected 223 gold pieces.

Inventory:

Hand Weapons
 a - a +1 flail (weapon)
Armour
 b - a +0 scale mail (worn)
 c - a +0 shield (worn)
 o - a +0 helmet (worn)
 q - a +0 large shield
 r - a +1 cloak (worn)
Jewellery
 w - a ring of wizardry (left hand)
 y - an amulet of the acrobat (around neck)
Scrolls
 e - a scroll of enchant weapon
 g - 2 scrolls of remove curse
 m - a scroll of amnesia
 u - a scroll of magic mapping
Potions
 j - 2 potions of flight
 l - a potion of curing
 n - 3 potions of lignification
 s - 2 potions of magic
 t - a potion of invisibility
 x - a potion of agility {unknown}
Comestibles
 f - 9 rations


   Skills:
 + Level 6.9 Fighting
 + Level 2.2 Short Blades
 + Level 2.2 Long Blades
 + Level 2.2 Axes
 + Level 5.1 Maces & Flails
 + Level 2.2 Polearms
 + Level 2.2 Staves
 + Level 2.2 Slings
 + Level 2.2 Bows
 + Level 2.2 Crossbows
 + Level 2.2 Throwing
 + Level 6.9 Armour
 + Level 2.2 Dodging
 + Level 2.2 Stealth
 + Level 6.9 Shields
 + Level 2.2 Unarmed Combat
 + Level 2.2 Spellcasting
 + Level 1.8 Conjurations
 + Level 1.8 Hexes
 + Level 1.8 Charms
 + Level 1.8 Summonings
 + Level 1.8 Necromancy
 + Level 1.8 Translocations
 + Level 1.8 Transmutations
 + Level 1.8 Fire Magic
 + Level 1.8 Ice Magic
 + Level 1.8 Air Magic
 + Level 1.8 Earth Magic
 + Level 1.8 Poison Magic
 + Level 2.4 Invocations
 + Level 2.2 Evocations


You had 9 spell levels left.
You knew the following spells:

 Your Spells              Type           Power        Failure   Level  Hunger
a - Apportation           Tloc           #.....       34%         1    ##.....

Your spell library contained the following spells:

 Spells                   Type           Power        Failure   Level  Hunger
 Animate Skeleton         Necr           N/A          34%         1    ##.....
 Confusing Touch          Hex            #.....       34%         1    ##.....
 Summon Small Mammal      Summ           #...         34%         1    ##.....


Dungeon Overview and Level Annotations

Branches:
Dungeon (5/15)             Temple (1/1) D:4

Altars:
Ashenzari
Dithmenos
Elyvilon
Fedhas
Gozag
Hepliaklqana
Okawaru
Qazlal
Ru
Sif Muna
Trog
Yredelemnul
The Shining One


Innate Abilities, Weirdness & Mutations

Your experience applies equally to all skills.
You have very sharp teeth.
Your uncanny sense of smell can sniff out nearby items.


Message History

* * * LOW HITPOINT WARNING * * *
You are too injured to fight recklessly!
You are too injured to fight recklessly!
A jelly is nearby!
You feel very mighty all of a sudden. You block the jelly's attack.
You hit the jelly but do no damage.
Your hands burn!
* * * LOW HITPOINT WARNING * * *
The jelly is heavily wounded.
You block the jelly's attack.
Your shield and scale mail prevent you from hitting the jelly.
The jelly is heavily wounded.
The jelly closely misses you.
You hit the jelly but do no damage.
Your hands burn!
* * * LOW HITPOINT WARNING * * *
The jelly is heavily wounded.
The jelly hits you.
* * * LOW HITPOINT WARNING * * *
You are splashed with acid!
You die...

∆
##########
#...J@...#
#.....##<#
#..##.##.#
#. #!##.#
# ......
..##.#
......#
......#
.##


You could see a jelly.

Vanquished Creatures
  2 scorpions (D:4)
  2 orc priests (D:3)
  An orc wizard (D:3)
  Jessica (D:2)
  Natasha (D:2)
  2 worker ants (D:4)
  Robin (D:2)
  5 adders
  An ooze (D:1)
  An adder skeleton (D:4)
  A leopard gecko (D:3)
  14 orcs
  A ball python (D:2)
  3 giant cockroaches
  9 goblins
  14 hobgoblins
  13 jackals
  A quokka (D:2)
  8 bats
  7 frilled lizards
  9 kobolds
  6 rats
  2 fungi (D:4)
105 creatures vanquished.

Vanquished Creatures (others)
  Natasha (D:2)
1 creature vanquished.

Grand Total: 106 creatures vanquished

Notes
Turn   | Place    | Note
-------+----------+-------------------------------------------
     0 | D:1      | Ijustatesigmund the Gnoll Fighter began the quest for the
                  | Orb.
     0 | D:1      | Reached XP level 1. HP: 23/23 MP: 1/1
   137 | D:1      | Reached XP level 2. HP: 21/29 MP: 2/2
   804 | D:2      | Reached XP level 3. HP: 29/35 MP: 3/3
   828 | D:2      | Learned a level 1 spell: Apportation
   980 | D:2      | Found a faded altar of an unknown god.
   984 | D:2      | Noticed Natasha
  1008 | D:1      | Reached skill level 1 in Invocations
  1150 | D:2      | HP: 1/35 [Natasha (3)]
  1154 | D:2      | Killed Natasha
  1154 | D:2      | Reached skill level 1 in Short Blades
  1154 | D:2      | Reached skill level 1 in Long Blades
  1154 | D:2      | Reached skill level 1 in Axes
  1154 | D:2      | Reached skill level 1 in Polearms
  1154 | D:2      | Reached skill level 1 in Staves
  1154 | D:2      | Reached skill level 1 in Slings
  1154 | D:2      | Reached skill level 1 in Bows
  1154 | D:2      | Reached skill level 1 in Crossbows
  1154 | D:2      | Reached skill level 1 in Throwing
  1154 | D:2      | Reached skill level 1 in Dodging
  1154 | D:2      | Reached skill level 1 in Stealth
  1154 | D:2      | Reached skill level 1 in Unarmed Combat
  1154 | D:2      | Reached skill level 1 in Spellcasting
  1154 | D:2      | Reached skill level 1 in Evocations
  1154 | D:2      | Reached XP level 4. HP: 20/41 MP: 5/5
  1384 | D:2      | Noticed Robin
  1418 | D:2      | Killed Robin
  1420 | D:2      | Reached skill level 1 in Conjurations
  1420 | D:2      | Reached skill level 1 in Hexes
  1420 | D:2      | Reached skill level 1 in Charms
  1420 | D:2      | Reached skill level 1 in Summonings
  1420 | D:2      | Reached skill level 1 in Necromancy
  1420 | D:2      | Reached skill level 1 in Translocations
  1420 | D:2      | Reached skill level 1 in Transmutations
  1420 | D:2      | Reached skill level 1 in Fire Magic
  1420 | D:2      | Reached skill level 1 in Ice Magic
  1420 | D:2      | Reached skill level 1 in Air Magic
  1420 | D:2      | Reached skill level 1 in Earth Magic
  1420 | D:2      | Reached skill level 1 in Poison Magic
  1683 | D:2      | Noticed Natasha
  1691 | D:2      | Killed Natasha
  1691 | D:2      | Reached XP level 5. HP: 44/47 MP: 5/7
  1699 | D:2      | Noticed Jessica
  1703 | D:2      | Killed Jessica
  2036 | D:3      | Reached XP level 6. HP: 16/53 MP: 8/8
  2354 | D:3      | Found a bloodstained altar of Trog.
  2847 | D:4      | Reached skill level 5 in Maces & Flails
  2921 | D:4      | Found a staircase to the Ecumenical Temple.
  2946 | Temple   | Entered the Ecumenical Temple
  2954 | Temple   | Became a worshipper of Warmaster Okawaru
  3043 | D:4      | Found a white marble altar of Elyvilon.
  3212 | D:4      | Reached XP level 7. HP: 50/59 MP: 10/10
  3290 | D:4      | Found a blossoming altar of Fedhas.
  3315 | D:4      | Found Puredo's Armour Emporium.
  3669 | D:5      | Entered Level 5 of the Dungeon
  3682 | D:5      | Splashed by a jelly's acid

Levels and vault maps discovered:
D:1:      saegor_arrival_under_anarchy, layout_loops_cross
D:2:      layout_basic, chequers_ecumenical_altar_island, nrook_mini_vaults,
          uniq_natasha, uniq_robin, uniq_jessica
D:3:      layout_basic, serial_park_tiny_1, bloody_trog
D:4:      layout_basic, elyvilon_altar_5, minmay_temple_entry_butterflies,
          serial_shops, shop_statue, fedhas_altar_3
D:5:      layout_loops_corners, first_ration, minmay_misc_feat_ornament,
          uniq_ijyb, uniq_sigmund, uniq_pikel, uniq_menkaure
Temple:   eino_narrow_crystal_temple

Skill      XL: |  1  2  3  4  5  6 |
---------------+-------------------+-----
Invocations    | 1 2 |  2.4
Short Blades   | 1 2 |  2.2
Long Blades    | 1 2 |  2.2
Axes           | 1 2 |  2.2
Polearms       | 1 2 |  2.2
Staves         | 1 2 |  2.2
Slings         | 1 2 |  2.2
Bows           | 1 2 |  2.2
Crossbows      | 1 2 |  2.2
Throwing       | 1 2 |  2.2
Dodging        | 1 2 |  2.2
Stealth        | 1 2 |  2.2
Unarmed Combat | 1 2 |  2.2
Spellcasting   | 1 2 |  2.2
Evocations     | 1 2 |  2.2
Conjurations   | 1 |  1.8
Hexes          | 1 |  1.8
Charms         | 1 |  1.8
Summonings     | 1 |  1.8
Necromancy     | 1 |  1.8
Translocations | 1 |  1.8
Transmutations | 1 |  1.8
Fire Magic     | 1 |  1.8
Ice Magic      | 1 |  1.8
Air Magic      | 1 |  1.8
Earth Magic    | 1 |  1.8
Poison Magic   | 1 |  1.8
Maces & Flails | 5 |  5.1
Fighting       | |  6.9
Armour         | |  6.9
Shields        | |  6.9

Action                   |  1- 3 |  4- 6 |  7- 9 || total
-------------------------+-------+-------+-------++-------
Melee: Flail             |   122 |   205 |    36 ||   363
       Bite              |    11 |    23 |     5 ||    39
  Use: Potion            |     4 |       |     1 ||     5
       Scroll            |       |    10 |       ||    10
  Eat: Chunk             |     1 |     7 |       ||     8
Armor: Scale mail        |    69 |    69 |     2 ||   140
Dodge: Dodged            |    57 |    54 |     8 ||   119
Block: Shield            |   108 |   129 |    15 ||   252

Table legend:
 A = Non-vault XP
 B = Vault XP
 C = Vault XP percentage of total XP
 D = Non-vault monster count
 E = Vault monster count
 F = Vault count percentage of total count
                 A         B        C        D         E       F
            +---------+---------+-------+---------+---------+-------
      Total |     575 |     104 |  15.3 |      89 |      15 |  14.4
            +---------+---------+-------+---------+---------+-------
        D:1 |      45 |       0 |   0.0 |      25 |       0 |   0.0
        D:2 |      84 |     104 |  55.3 |      19 |      15 |  44.1
        D:3 |     198 |       0 |   0.0 |      32 |       0 |   0.0
        D:4 |     248 |       0 |   0.0 |      13 |       0 |   0.0
            +---------+---------+-------+---------+---------+-------
